AoeStats
← 1980195387

Arena

510302804Analyzed
2v2 RM · 1d ago on Sep 30, 2026· 52m 27s· 4 players
Game mode
Random Map
Map size
Medium (4 player)
Population
200
Speed
Normal
Resources
Standard
Victory
Conquest
Starting age
Dark Age
Ending age
Imperial Age
RankedLock teamsTeams togetherTeam positionsShared explorationLock speedFull tech treeHidden civsTurbo modeCheats
Victory
Defeat
🇨🇳 Khmer · China
472
+14
🇨🇳 Celts · China
471
+14
🇨🇿 Slavs · Czechia
455
-14
🇨🇿 Turks · Czechia
417
-14
R1tch_13e
0:57 Loom
15:22 Feudal Age
21:37 Castle Age
19:52 Forging
19:49 Scale Barding Armor
19:44 Scale Mail Armor
19:46 Padded Archer Armor
19:57 Fletching
20:01 Horse Collar
21:41 Double-Bit Axe
22:09 Gold Mining
22:10 Stone Mining
24:39 Caravan
25:10 Coinage
24:56 Bow Saw
28:50 Wheelbarrow
28:00 Town Watch
29:16 Gold Shaft Mining
29:49 Sanctity
29:37 Bodkin Arrow
30:10 Hand Cart
30:47 Town Patrol
32:25 Heavy Plow
33:04 Iron Casting
32:44 Chain Mail Armor
32:50 Chain Barding Armor
32:45 Leather Archer Armor
37:54 Imperial Age
35:52 Masonry
35:38 Murder Holes
35:53 Fortified Wall
35:34 Guard Tower
37:39 Ballistics
40:01 Chemistry
39:35 Crop Rotation
39:14 Elite Boyar
41:16 Plate Barding Armor
41:11 Plate Mail Armor
46:14 Siege Engineers
FosterWig
0:27 Loom
14:01 Feudal Age
18:22 Castle Age
16:07 Horse Collar
16:16 Double-Bit Axe
16:40 Stone Mining
18:51 Gold Mining
19:05 Heavy Plow
19:22 Bow Saw
25:19 Wheelbarrow
35:18 Imperial Age
37:37 Gold Shaft Mining
37:30 Elite Janissary
41:42 Caravan
42:14 Artillery
49:26 Two-Man Saw
1980195387
12:06 Feudal Age
15:23 Castle Age
14:02 Double-Bit Axe
13:59 Horse Collar
16:32 Bow Saw
17:03 Wheelbarrow
16:35 Heavy Plow
20:49 Stone Mining
20:50 Gold Mining
24:53 Hand Cart
25:58 Stone Shaft Mining
26:30 Loom
30:44 Imperial Age
30:28 Gold Shaft Mining
30:16 Husbandry
30:27 Bloodlines
30:21 Tusk Swords
32:42 Crop Rotation
33:32 Scale Barding Armor
33:20 Fletching
33:41 Forging
33:56 Conscription
33:03 Elite Battle Elephant
34:40 Chain Barding Armor
34:28 Double Crossbow
34:31 Heavy Scorpion
37:40 Plate Barding Armor
37:41 Iron Casting
37:02 Bodkin Arrow
39:02 Hoardings
39:01 Ballistics
39:42 Chemistry
38:53 Masonry
45:31 Bracer
46:32 Blast Furnace
46:21 Architecture
45:56 Siege Engineers
45:48 Murder Holes
HANA
12:46 Feudal Age
13:11 Horse Collar
13:19 Double-Bit Axe
14:57 Wheelbarrow
18:39 Castle Age
19:34 Bow Saw
19:26 Heavy Plow
20:29 Gold Mining
22:57 Gold Mining
22:58 Stone Mining
23:36 Pikeman
26:46 Forging
26:37 Scale Mail Armor
26:58 Fletching
28:38 Chain Mail Armor
29:15 Hand Cart
28:47 Town Watch
31:41 Ballistics
31:59 Iron Casting
31:20 Bodkin Arrow
31:27 Padded Archer Armor
31:36 Stronghold
36:34 Imperial Age
34:04 Town Patrol
33:53 Loom
35:13 Murder Holes
35:45 Husbandry
36:46 Masonry
36:44 Scale Barding Armor
36:39 Padded Archer Armor
37:27 Gold Shaft Mining
37:27 Stone Shaft Mining
37:55 Guilds
38:43 Siege Engineers
39:40 Chemistry
38:53 Halberdier
40:49 Blast Furnace
39:39 Heavy Scorpion
41:23 Capped Ram
44:05 Elite Skirmisher
44:21 Cavalier
48:26 Elite Woad Raider
Connection lost

Rejoining the realm…

Still unreachable

The connection could not be restored.

Session expired

The server has moved on; the page needs a fresh start.